 Dungeon Crawl Stone Soup version 0.29-a0-214-g17f627cfee (webtiles) character file.

Game seed: 6967723839398638100

32 enile the Sneak (level 3, -6/18 HPs)
             Began as a Vine Stalker Enchanter on Feb 25, 2022.
             Mangled by Sigmund
             ... wielding a +0 scythe
              (7 damage)
             ... on level 2 of the Dungeon.
             The game lasted 00:01:31 (1020 turns).

enile the Sneak (Vine Stalker Enchanter)            Turns: 1020, Time: 00:01:32

Health: -6/18      AC:  2    Str: 10    XL:     3   Next: 27%
Magic:  0/7        EV: 12    Int: 17    God:
Gold:   108        SH:  0    Dex: 14    Spells: 6/6 levels left

rFire   . . .      SeeInvis .   a - +1 dagger
rCold   + . .      Faith    .   (no shield)
rNeg    . . .      Spirit   +   b - +0 robe
rPois   .          Reflect  .   (no helmet)
rElec   .          Harm     .   (no cloak)
rCorr   +          Rampage  .   (no gloves)
Will    .....                   (no boots)
Stlth   ++........              j - amulet of the acrobat
HPRegen 0.06/turn               g - ring of protection from cold
MPRegen 0.10/turn               i - ring of resist corrosion

@: brilliant
A: fangs 2, magic shield, antimagic bite, no potion heal 2
a: no special abilities


You were on level 2 of the Dungeon.
You visited 1 branch of the dungeon, and saw 2 of its levels.

You collected 108 gold pieces.

Inventory:

Hand Weapons
 a - a +1 dagger (weapon)
Armour
 b - a +0 robe (worn)
Jewellery
 g - a ring of protection from cold (left hand)
 i - a ring of resist corrosion (right hand)
 j - an amulet of the acrobat (around neck)
Scrolls
 e - a scroll of blinking {unknown}
 k - a scroll of fog {unknown}
Potions
 c - a potion of invisibility
 f - a potion of haste {unknown}
 h - a potion of curing {unknown}
 l - a potion of attraction {unknown}


   Skills:
 + Level 2.1 Fighting
 - Level 1.0 Short Blades
 - Level 2.0 Dodging
 - Level 3.6 Stealth
 - Level 2.2 Spellcasting
 - Level 3.0 Hexes


You had 6 spell levels left.
You didn't know any spells.
Your spell library contained the following spells:

 Spells                   Type           Power      Damage    Failure   Level
 Ensorcelled Hibernation  Hex/Ice        20%        N/A       16%         2
 Confusing Touch          Hex            18%        N/A       17%         3
 Tukima's Dance           Hex            18%        N/A       17%         3
 Dazzling Flash           Conj/Hex       20%        N/A       30%         3


Dungeon Overview and Level Annotations

Branches:
Dungeon (2/15)

Altars:

Annotations:
D:2 Sigmund


Innate Abilities, Weirdness & Mutations

You have extremely sharp teeth.
When hurt, damage is shared between your health and your magic reserves.
Your bite disrupts and absorbs the magic of your enemies.
Potions cannot restore your health.


Message History

The adder closely misses you. Something barely misses you.
The adder closely misses you.
You hit the adder.
The adder is heavily wounded.
The adder bites you but does no damage. Something hits you.
You closely miss the adder. Your bite misses the adder.
The adder is heavily wounded.
The adder barely misses you.
You barely miss the adder. You bite the adder. You drain its power.
You feel invigorated.
The adder is almost dead.
The adder barely misses you. Something hits you.
You barely miss the adder.
The adder is almost dead.
The adder bites you.
You are poisoned.
The adder poisons you! The adder bites you. Something hits you.
You hit the adder.
You kill the adder!
* * * LOW HITPOINT WARNING * * *
You feel sick.
Training target 2.0 for Dodging reached!
Your Dodging skill increases to level 2!
You need to enable at least one skill for training.
You start resting.
* * * LOW HITPOINT WARNING * * *
You feel sick. Something closely misses you.
You start resting.
* * * LOW HITPOINT WARNING * * *
You feel sick.
You start resting.
* * * LOW HITPOINT WARNING * * *
You feel sick. Something misses you.
It was a potion of brilliance.
You feel clever all of a sudden.
* * * LOW HITPOINT WARNING * * *
You feel sick.
You are no longer poisoned.
Something hits you!
You die...

... ..# #.#
#.# ..# #.#
#####.#
#....@#
###.#.# #
#.####+##
#.#........
#.#.##.####
#..........
###.#######
#.# #.#


There were no monsters in sight!

Vanquished Creatures
  An adder (D:2)
  A dart slug (D:2)
  3 ball pythons
  2 bats
  2 endoplasms
  A giant cockroach (D:1)
  2 hobgoblins (D:2)
  3 jackals (D:1)
  A frilled lizard (D:1)
  A kobold (D:1)
  2 rats
19 creatures vanquished.

Notes
Turn   | Place    | Note
-------+----------+-------------------------------------------
     0 | D:1      | enile the Vine Stalker Enchanter began the quest for the
                  | Orb.
     0 | D:1      | Reached XP level 1. HP: 9/9 MP: 4/4
   330 | D:1      | Reached skill level 1 in Fighting
   407 | D:1      | Reached XP level 2. HP: 14/14 MP: 6/6
   869 | D:2      | Reached skill level 1 in Short Blades
  1005 | D:2      | Noticed Sigmund
  1011 | D:2      | Reached XP level 3. HP: 18/18 MP: 7/7
  1020 | D:2      | Mangled by Sigmund

Illustrated notes

Levels and vault maps discovered:
D:1:      lightli_arrival_statue_moat, layout_loops_ring
D:2:      layout_loops_cross, hellmonk_ecumenical_altar_inner_sanctum,
          amcnicky_mini_rare_corridor_liquid, uniq_crazy_yiuf_cottage,
          uniq_natasha, uniq_sigmund

Skill      XL: |  1  2  3 |
---------------+----------+-----
Fighting       | 1 2 |  2.1
Short Blades   | 1 |  1.0
Dodging        | 2 |  2.0
Stealth        | |  3.6
Spellcasting   | |  2.2
Hexes          | |  3.0

Action                   || total
-------------------------++-------
Melee: Dagger            ||    58
       Bite              ||    14
  Use: Potion            ||     1
 Stab: Sleeping          ||     6
Armor: Robe              ||    10
Dodge: Dodged            ||    47

Table legend: (Time is in decaauts)
 A = Elapsed time spent in this place.
 B = Non-inter-level travel time spent in this place.
 C = Inter-level travel time spent in this place.
 D = Time resting spent in this place.
 E = Time spent auto-exploring this place.
 F = Levels seen in this place.
 G = Mean time per level.
                   A        B        C        D        E       F      G
               +--------+--------+--------+--------+--------+-----+--------+
         Total |   1017 |    990 |     27 |      0 |    821 |   2 |  508.5 |
       Dungeon |   1017 |    990 |     27 |      0 |    821 |   2 |  508.5 |
               +--------+--------+--------+--------+--------+-----+--------+

Top non-repeatable levels by time:
     D:1: 663 daAuts
     D:2: 354 daAuts
